 Dungeon Crawl Stone Soup version 0.21-a0-513-gdcb3f5e (webtiles) character file.

854 Gwenloh the Shield-Bearer (level 8, 0/51 HPs)
             Began as a Gargoyle Fighter on Dec 1, 2017.
             Killed by divine providence
             ... invoked by an orc priest
              (13 damage)
             ... on level 4 of the Dungeon.
             The game lasted 00:12:31 (3885 turns).

Gwenloh the Shield-Bearer (Gargoyle Fighter)        Turns: 3885, Time: 00:12:32

Health: 0/51       AC: 16    Str: 22    XL:     8   Next: 1%
Magic:  8/8        EV:  6    Int:  9    God:
Gold:   280        SH: 10    Dex:  9    Spells: 7/7 levels left

rFire    . . .     SeeInvis .   a - +0 trident
rCold    . . .     Gourm    .   c - +0 shield
rNeg     + . .     Faith    .   v - +0 chain mail
rPois    ∞         Spirit   .   q - +0 helmet
rElec    +         Reflect  .   (no cloak)
rCorr    .         Harm     .   (no gloves)
MR       .....                  (no boots)
Stlth    ..........             (no amulet)
HPRegen  0.17/turn              (no ring)
MPRegen  0.11/turn              (no ring)

@: no status effects
A: negative energy resistance 1, electricity resistance, unbreathing,
petrification resistance, rot immunity, AC +5
a: no special abilities


You were on level 4 of the Dungeon.
You were hungry.

You visited 1 branch of the dungeon, and saw 6 of its levels.

You collected 280 gold pieces.

Inventory:

Hand Weapons
 a - a +0 trident (weapon)
Missiles
 e - 157 stones
 y - 8 tomahawks of returning (quivered)
Armour
 b - a +0 scale mail
 c - a +0 shield (worn)
 q - a +0 helmet (worn)
 v - a +0 chain mail (worn)
Jewellery
 j - an uncursed amulet of faith {unknown}
 m - an uncursed amulet of rage {unknown}
Wands
 z - a wand of polymorph (6)
Scrolls
 d - a scroll of immolation {unknown}
 h - 5 scrolls of identify {unknown}
 i - 5 scrolls of remove curse {unknown}
 l - a scroll of magic mapping {unknown}
 s - 2 scrolls of teleportation {unknown}
 A - a scroll of blinking {unknown}
Potions
 k - a potion of cancellation {unknown}
 n - a potion of invisibility {unknown}
 o - 3 potions of curing {unknown}
 r - 2 potions of heal wounds {unknown}
 t - a potion of haste {unknown}
 u - 2 potions of degeneration {unknown}
 x - a potion of flight {unknown}
Comestibles
 f - 4 bread rations
 g - a fruit
 p - 4 meat rations
 w - 2 chunks of flesh


   Skills:
 + Level 5.8 Fighting
 + Level 4.2 Polearms
 + Level 5.8 Armour
 + Level 5.8 Shields


You had 7 spell levels left.
You didn't know any spells.

Dungeon Overview and Level Annotations

Branches:
Dungeon (6/15)
 Temple: D:4-7

Altars:
Okawaru
The Shining One


Innate Abilities, Weirdness & Mutations

You are resistant to torment.
Your stone body is resilient. (AC +5)
You are immune to poison.
You resist negative energy. (rN+)
You are resistant to electric shocks. (rElec)
You can survive without breathing.
You are immune to petrification.
You are immune to rotting.


Message History

The orc priest's wounds heal themselves!
The orc priest looks satisfied for a moment.
You hit the orc priest but do no damage.
The orc priest hits you but does no damage.
Some of the chunks of flesh in your inventory have rotted away.
You closely miss the orc priest. You block the orc priest's attack.
You closely miss the orc priest. You block the orc priest's attack.
You closely miss the orc priest.
The orc priest casts a cantrip, but nothing happens.
The orc priest hits you but does no damage.
You puncture the orc priest!
The orc priest is severely wounded.
The orc priest hits you but does no damage.
You puncture the orc priest!
You kill the orc priest!
You have reached level 8!
You feel stronger.
The orc priest calls down the wrath of Beogh upon you.
Beogh smites you!
You die...

############## #. #. #. #.
############. #............
#............
########............
#o)@............###.
########.######........# #.
...........<# ##.###...###.
.........h.#####.......+...
.................#.#...###.
........5..#######.........
...........# ###.......
...........# #.......
...........# ###..##.


You could see an orc priest.

Vanquished Creatures
  The ghost of Laiders the Changer, an amateur MfTm (D:4)
  2 ogres (D:4)
  A phantom (D:4)
  2 hounds (D:4)
  2 orc priests
  A jelly (D:6)
  2 orc wizards (D:3)
  An iguana (D:4)
  Ijyb (D:3)
  Robin (D:2)
  4 gnolls (D:4)
  3 adders
  2 oozes
  4 worms
  2 dart slugs
  A leopard gecko (D:4)
  17 orcs
  5 giant cockroaches
  16 goblins
  7 hobgoblins
  17 jackals
  3 kobolds (D:1)
  A quokka (D:4)
  A ball python (D:1)
  9 bats
  4 frilled lizards
  7 rats
117 creatures vanquished.

Notes
Turn   | Place    | Note
-------+----------+-------------------------------------------
     0 | D:1      | Gwenloh the Gargoyle Fighter began the quest for the Orb.
     0 | D:1      | Reached XP level 1. HP: 14/14 MP: 1/1
   107 | D:1      | Reached XP level 2. HP: 17/19 MP: 2/2
   261 | D:1      | Reached XP level 3. HP: 17/23 MP: 3/3
   514 | D:2      | Noticed Robin
   529 | D:2      | Killed Robin
   536 | D:2      | Reached XP level 4. HP: 12/29 MP: 4/4
  1622 | D:3      | Reached XP level 5. HP: 26/33 MP: 5/5
  1871 | D:3      | You fall through a shaft for 3 floors!
  1891 | D:6      | Noticed an ice beast
  1924 | D:5      | Entered Level 5 of the Dungeon
  2121 | D:4      | Noticed an ogre
  2128 | D:4      | Killed an ogre
  2128 | D:4      | Reached XP level 6. HP: 19/39 MP: 6/6
  2292 | D:4      | Noticed a phantom
  2376 | D:4      | Killed a phantom
  2376 | D:4      | Reached skill level 5 in Fighting
  2376 | D:4      | Reached skill level 5 in Armour
  2376 | D:4      | Reached skill level 5 in Shields
  2527 | D:4      | Reached XP level 7. HP: 44/44 MP: 7/7
  3071 | D:3      | Found a glowing golden altar of the Shining One.
  3223 | D:3      | Noticed Ijyb
  3242 | D:3      | Killed Ijyb
  3433 | D:4      | Noticed Laiders's ghost (amateur MfTm)
  3464 | D:4      | Killed Laiders's ghost
  3727 | D:4      | Found an iron altar of Okawaru.
  3885 | D:4      | Reached XP level 8. HP: 13/51 MP: 8/8
  3885 | D:4      | Killed from afar by an orc priest

Vault maps used:
D:1:      evilmike_arrival_plus, minmay_misc_feat_plants
D:2:      minmay_pentomino_u2, uniq_robin
D:3:      kennysheep_goblin_castle, fountainhead, nicolae_tso_swordbearing_angel
D:4:      old_standard_altar, kennysheep_boxes
D:5:      minmay_temple_entry_hall, first_bread, uniq_menkaure
D:6:      kennysheep_mini, grunt_temple_overflow_growth_and_decay, uniq_edmund

Skill      XL: |  1  2  3  4  5  6  7 |
---------------+----------------------+-----
Polearms       | 2 3 4 |  4.2
Shields        | 4 5 |  5.8
Armour         | 4 5 |  5.8
Fighting       | 4 5 |  5.8

Action                   |  1- 3 |  4- 6 |  7- 9 || total
-------------------------+-------+-------+-------++-------
Melee: Trident           |   105 |   234 |   190 ||   529
       Unarmed           |       |       |     9 ||     9
  Use: Potion            |       |     1 |       ||     1
  Eat: Chunk             |       |     6 |     4 ||    10
Armor: Scale mail        |    66 |   166 |    13 ||   245
       Chain mail        |       |       |    74 ||    74
Dodge: Dodged            |    34 |    93 |    40 ||   167
Block: Shield            |    63 |   156 |    87 ||   306

Table legend:
 A = Spawn XP
 B = Non-spawn XP
 C = Spawn XP percentage of total XP
 D = Spawn monster count
 E = Non-spawn monster count
 F = Spawn count percentage of total count
 G = Total turns spent on level
                    A         B        C        D         E        F      G
               +---------+---------+-------+---------+---------+-------+---------
         Total |       0 |    1221 |   0.0 |       0 |     117 |   0.0 |  3885
               +---------+---------+-------+---------+---------+-------+---------
           D:1 |       0 |      40 |   0.0 |       0 |      21 |   0.0 |   463
           D:2 |       0 |      91 |   0.0 |       0 |      29 |   0.0 |  1047
           D:3 |       0 |     226 |   0.0 |       0 |      31 |   0.0 |  1000
           D:4 |       0 |     803 |   0.0 |       0 |      31 |   0.0 |  1167
           D:5 |       0 |      17 |   0.0 |       0 |       3 |   0.0 |   155
           D:6 |       0 |      44 |   0.0 |       0 |       2 |   0.0 |    53
               +---------+---------+-------+---------+---------+-------+---------
